 Dungeon Crawl Stone Soup version 0.29.0-4-gdea44cf6ec (webtiles) character file.

Game seed: 14639891920988007809

58 qw the Caller (level 4, -7/36 HPs)
             Began as a Ghoul Summoner on Sept 9, 2022.
             Mangled by a gnoll
             ... wielding a +0 halberd
              (9 damage)
             ... on level 2 of the Dungeon.
             The game lasted 00:01:07 (3082 turns).

qw the Caller (Ghoul Summoner)                      Turns: 3082, Time: 00:01:08

Health: -7/36      AC:  5    Str: 13    XL:     4   Next: 1%
Magic:  0/5        EV: 10    Int: 10    God:
Gold:   23         SH:  0    Dex:  9    Spells: 5/6 levels left

rFire   . . .      SeeInvis .   Y - +0 whip
rCold   + . .      Faith    .   (no shield)
rNeg    + + +      Spirit   .   h - +0 ring mail
rPois   inf        Reflect  .   (no helmet)
rElec   .          Harm     .   (no cloak)
rCorr   .          Rampage  .   (no gloves)
Will    .....                   (no boots)
Stlth   +.........              (no amulet)
HPRegen 0.00/turn               (no ring)
MPRegen 0.09/turn               (no ring)

@: very slightly contaminated, inhibited regen
A: claws 1, cold resistance 1, negative energy resistance 3, inhibited
regeneration, torment resistance 2, devour on kill
a: no special abilities


You were on level 2 of the Dungeon.
You visited 1 branch of the dungeon, and saw 2 of its levels.

You collected 23 gold pieces.


Innate Abilities, Weirdness & Mutations

You are immune to poison.
You have sharp fingernails.
Your flesh is cold resistant. (rC+)
You are immune to negative energy. (rN+++)
You do not regenerate when monsters are visible.
You are immune to unholy pain and torment.
You thrive by killing the living.


   Skills:
 - Level 2.0 Fighting
 + Level 2.5 Axes
 - Level 1.7 Dodging
 - Level 2.1 Stealth
 - Level 1.7 Spellcasting
 - Level 3.6 Summonings


You had 5 spell levels left.
You knew the following spells:

 Your Spells              Type           Power      Damage    Failure   Level
a - Summon Small Mammal   Summ           32%        N/A       16%         1

Your spell library contained the following spells:

 Spells                   Type           Power      Damage    Failure   Level
 Call Imp                 Summ           8%         N/A       24%         2
 Call Canine Familiar     Summ           8%         N/A       43%         3
 Summon Guardian Golem    Hex/Summ       4%         N/A       71%         3
 Summon Lightning Spire   Summ/Air       4%         N/A       98%         4

Inventory:

Hand Weapons
 Y - a +0 whip (weapon)
Missiles
 d - 4 silver javelins (quivered)
Armour
 a - a +0 chain mail
 h - a +0 ring mail (worn)
Scrolls
 e - a scroll of enchant weapon {unknown}
 f - a scroll of fog {unknown}
Potions
 b - a potion of curing {unknown}
 c - a potion of haste
 g - a potion of attraction {unknown}
 i - a potion of ambrosia {unknown}
 j - a potion of heal wounds {unknown}

Dungeon Overview and Level Annotations

Branches:
Dungeon (2/15)

Altars:

Shops:
D:1 =


Message History

You miscast Summon Small Mammal.
You are very lightly contaminated with residual magic.
Nothing appears to happen.
The gnoll shouts!
You hear a shout!
3075 ||| CASTING Summon Small Mammal
Casting: Summon Small Mammal (safe; 16% risk of failure)
Confirm with . or Enter, or press ? or * to list all spells.
3076 ||| CASTING Summon Small Mammal
Casting: Summon Small Mammal (safe; 16% risk of failure)
Confirm with . or Enter, or press ? or * to list all spells.
You miscast Summon Small Mammal.
Nothing appears to happen.
A gnoll comes into view. It is wielding a +0 halberd.
Your bat barely misses the gnoll.
3077 ||| CASTING Summon Small Mammal
Casting: Summon Small Mammal (safe; 16% risk of failure)
Confirm with . or Enter, or press ? or * to list all spells.
Your bat hits the gnoll.
Your bat completely misses the gnoll.
3078 ||| CASTING Summon Small Mammal
Casting: Summon Small Mammal (safe; 16% risk of failure)
Confirm with . or Enter, or press ? or * to list all spells.
You miscast Summon Small Mammal.
Nothing appears to happen.
Your bat barely misses the gnoll.
Your bat hits the gnoll but does no damage.
A gnoll comes into view. It is wielding a +0 spear.
The gnoll hits you with a +0 halberd!
Your bat hits the gnoll but does no damage.
You hit the gnoll but do no damage.
The gnoll is lightly wounded.
Your bat hits the gnoll.
Your rat bites the gnoll.
Your bat hits the gnoll but does no damage.
You hit the gnoll but do no damage.
The gnoll is moderately wounded.
Your bat hits the gnoll.
The gnoll hits you from afar with a +0 halberd!
The gnoll hits you with a +0 halberd!
Your rat bites the gnoll.
You hit the gnoll but do no damage.
The gnoll is heavily wounded.
Your bat misses the gnoll.
The gnoll hits you from afar with a +0 halberd!
You die...

...........#######.###
.....................#
...........###########
........%..#####
................
................
.................
...>...r.........
.......@g........
.......b........#
#####..g###..... +..g+
..... #...# .....
+...+ .... #...# #...#


You could see 3 gnolls, a friendly bat (summoned) and a friendly rat (summoned).

Vanquished Creatures
  An adder (D:2)
  3 dart slugs (D:1)
  A ball python (D:2)
  A bat (D:1)
  2 endoplasms
  3 hobgoblins (D:1)
  A jackal (D:2)
  A quokka (D:2)
  2 frilled lizards (D:2)
  4 kobolds
  A rat (D:2)
20 creatures vanquished.

Vanquished Creatures (collateral kills)
  An adder (D:2)
  A dart slug (D:1)
  An endoplasm (D:1)
  2 goblins (D:1)
  A jackal (D:2)
  3 bats
  2 frilled lizards (D:1)
  A rat (D:1)
12 creatures vanquished.

Grand Total: 32 creatures vanquished

Notes
Turn   | Place    | Note
-------+----------+-------------------------------------------
     0 | D:1      | qw the Ghoul Summoner began the quest for the Orb.
     0 | D:1      | Reached XP level 1. HP: 14/14 MP: 2/2
     0 | D:1      | 0 ||| qw: Version: 0.1-a-113-g051387a
     0 | D:1      | 0 ||| qw: Game counter: 7195
     0 | D:1      | 0 ||| qw: Always use a shield: true
     0 | D:1      | 0 ||| qw: God list: Okawaru
     0 | D:1      | 0 ||| qw: Allow faded altars: false
     0 | D:1      | 0 ||| qw: Do Orc after D:15 true
     0 | D:1      | 0 ||| qw: Do second Lair branch before Depths: true
     0 | D:1      | 0 ||| qw: Lair rune preference: random
     0 | D:1      | 0 ||| qw: Plans: Normal
     0 | D:1      | 0 ||| PLANNING D:1-11
    71 | D:1      | 71 ||| CASTING Summon Small Mammal
    72 | D:1      | 72 ||| CASTING Summon Small Mammal
   137 | D:1      | 137 ||| CASTING Summon Small Mammal
   138 | D:1      | 138 ||| CASTING Summon Small Mammal
   149 | D:1      | Reached skill level 1 in Axes
   172 | D:1      | 172 ||| CASTING Summon Small Mammal
   173 | D:1      | 173 ||| CASTING Summon Small Mammal
   200 | D:1      | 200 ||| Wielding weapon +0 club.
   222 | D:1      | 222 ||| CASTING Summon Small Mammal
   223 | D:1      | 223 ||| CASTING Summon Small Mammal
   230 | D:1      | Reached XP level 2. HP: 20/22 MP: 0/3
   278 | D:1      | 278 ||| Stepping ~*~*~tactically~*~*~ (hiding).
   380 | D:1      | 380 ||| Stepping ~*~*~tactically~*~*~ (hiding).
   482 | D:1      | 482 ||| Stepping ~*~*~tactically~*~*~ (hiding).
   584 | D:1      | 584 ||| Stepping ~*~*~tactically~*~*~ (hiding).
   686 | D:1      | 686 ||| Stepping ~*~*~tactically~*~*~ (hiding).
   788 | D:1      | 788 ||| CASTING Summon Small Mammal
   789 | D:1      | 789 ||| CASTING Summon Small Mammal
   790 | D:1      | 790 ||| CASTING Summon Small Mammal
   795 | D:1      | Reached skill level 1 in Fighting
   837 | D:1      | 837 ||| CASTING Summon Small Mammal
   838 | D:1      | 838 ||| CASTING Summon Small Mammal
   839 | D:1      | 839 ||| CASTING Summon Small Mammal
   850 | D:1      | 850 ||| CASTING Summon Small Mammal
   908 | D:1      | 908 ||| SWAPPING to +0 short sword.
   909 | D:1      | 909 ||| DROPPING +0 club.
   939 | D:1      | 939 ||| UPGRADING to +0 ring mail.
   949 | D:1      | 949 ||| CASTING Summon Small Mammal
   950 | D:1      | 950 ||| CASTING Summon Small Mammal
   951 | D:1      | 951 ||| CASTING Summon Small Mammal
   987 | D:1      | 987 ||| DROPPING +0 robe.
   998 | D:1      | Found Tobuupt's Jewellery Boutique.
  1006 | D:1      | 1006 ||| SHOPLISTING ring "Jipouklop" {rF+ Dex+4 SInv} (486
                  | gold, have 6).
  1006 | D:1      | 1006 ||| SHOPLISTING ring of resist corrosion (260 gold,
                  | have 6).
  1049 | D:1      | 1049 ||| CASTING Summon Small Mammal
  1050 | D:1      | 1050 ||| CASTING Summon Small Mammal
  1051 | D:1      | 1051 ||| CASTING Summon Small Mammal
  1161 | D:1      | 1161 ||| CASTING Summon Small Mammal
  1162 | D:1      | 1162 ||| CASTING Summon Small Mammal
  1163 | D:1      | 1163 ||| CASTING Summon Small Mammal
  1252 | D:1      | 1252 ||| CASTING Summon Small Mammal
  1253 | D:1      | 1253 ||| CASTING Summon Small Mammal
  1254 | D:1      | 1254 ||| CASTING Summon Small Mammal
  1310 | D:1      | 1310 ||| CASTING Summon Small Mammal
  1311 | D:1      | 1311 ||| CASTING Summon Small Mammal
  1312 | D:1      | 1312 ||| CASTING Summon Small Mammal
  1322 | D:1      | 1322 ||| CASTING Summon Small Mammal
  1398 | D:1      | 1398 ||| SWAPPING to +0 whip.
  1399 | D:1      | 1399 ||| DROPPING +0 short sword.
  1483 | D:1      | 1483 ||| Stepping ~*~*~tactically~*~*~ (hiding).
  1585 | D:1      | 1585 ||| Stepping ~*~*~tactically~*~*~ (hiding).
  1687 | D:1      | 1687 ||| Stepping ~*~*~tactically~*~*~ (hiding).
  1692 | D:1      | 1692 ||| CASTING Summon Small Mammal
  1693 | D:1      | 1693 ||| CASTING Summon Small Mammal
  1694 | D:1      | 1694 ||| CASTING Summon Small Mammal
  1748 | D:1      | 1748 ||| CASTING Summon Small Mammal
  1749 | D:1      | 1749 ||| CASTING Summon Small Mammal
  1750 | D:1      | 1750 ||| CASTING Summon Small Mammal
  1758 | D:1      | 1758 ||| Stepping ~*~*~tactically~*~*~ (outnumbered).
  1760 | D:1      | 1760 ||| CASTING Summon Small Mammal
  1765 | D:1      | Reached XP level 3. HP: 16/28 MP: 0/4
  1772 | D:1      | 1772 ||| CASTING Summon Small Mammal
  1784 | D:1      | 1784 ||| CASTING Summon Small Mammal
  1801 | D:1      | 1801 ||| CASTING Summon Small Mammal
  2019 | D:1      | 2019 ||| CASTING Summon Small Mammal
  2020 | D:1      | 2020 ||| CASTING Summon Small Mammal
  2021 | D:1      | 2021 ||| CASTING Summon Small Mammal
  2022 | D:1      | 2022 ||| CASTING Summon Small Mammal
  2093 | D:1      | 2093 ||| CASTING Summon Small Mammal
  2094 | D:1      | 2094 ||| CASTING Summon Small Mammal
  2095 | D:1      | 2095 ||| CASTING Summon Small Mammal
  2096 | D:1      | 2096 ||| CASTING Summon Small Mammal
  2214 | D:1      | 2214 ||| CASTING Summon Small Mammal
  2215 | D:1      | 2215 ||| CASTING Summon Small Mammal
  2216 | D:1      | 2216 ||| CASTING Summon Small Mammal
  2217 | D:1      | 2217 ||| CASTING Summon Small Mammal
  2225 | D:1      | 2225 ||| CASTING Summon Small Mammal
  2307 | D:1      | 2307 ||| READING scroll labelled ZAWUCK DEJE.
  2308 | D:1      | 2308 ||| READING scroll labelled MEVEOJANAPT.
  2309 | D:1      | 2309 ||| DRINKING 2 pink potions.
  2310 | D:1      | 2310 ||| DROPPING potion of magic.
  2361 | D:2      | 2361 ||| CASTING Summon Small Mammal
  2362 | D:2      | 2362 ||| Stepping ~*~*~tactically~*~*~ (stealth).
  2364 | D:2      | 2364 ||| CASTING Summon Small Mammal
  2365 | D:2      | 2365 ||| CASTING Summon Small Mammal
  2366 | D:2      | 2366 ||| CASTING Summon Small Mammal
  2375 | D:2      | 2375 ||| CASTING Summon Small Mammal
  2434 | D:2      | 2434 ||| CASTING Summon Small Mammal
  2435 | D:2      | 2435 ||| CASTING Summon Small Mammal
  2436 | D:2      | 2436 ||| CASTING Summon Small Mammal
  2437 | D:2      | 2437 ||| CASTING Summon Small Mammal
  2479 | D:2      | 2479 ||| CASTING Summon Small Mammal
  2480 | D:2      | 2480 ||| CASTING Summon Small Mammal
  2481 | D:2      | 2481 ||| CASTING Summon Small Mammal
  2482 | D:2      | 2482 ||| CASTING Summon Small Mammal
  2483 | D:2      | 2483 ||| Stepping ~*~*~tactically~*~*~ (outnumbered).
  2490 | D:2      | 2490 ||| CASTING Summon Small Mammal
  2621 | D:2      | 2621 ||| CASTING Summon Small Mammal
  2622 | D:2      | 2622 ||| CASTING Summon Small Mammal
  2623 | D:2      | 2623 ||| CASTING Summon Small Mammal
  2624 | D:2      | 2624 ||| CASTING Summon Small Mammal
  2632 | D:2      | 2632 ||| CASTING Summon Small Mammal
  2643 | D:2      | 2643 ||| CASTING Summon Small Mammal
  2721 | D:2      | 2721 ||| CASTING Summon Small Mammal
  2722 | D:2      | 2722 ||| CASTING Summon Small Mammal
  2723 | D:2      | 2723 ||| CASTING Summon Small Mammal
  2724 | D:2      | 2724 ||| CASTING Summon Small Mammal
  2772 | D:2      | 2772 ||| CASTING Summon Small Mammal
  2773 | D:2      | 2773 ||| CASTING Summon Small Mammal
  2774 | D:2      | 2774 ||| CASTING Summon Small Mammal
  2775 | D:2      | 2775 ||| CASTING Summon Small Mammal
  2783 | D:2      | 2783 ||| CASTING Summon Small Mammal
  2843 | D:2      | 2843 ||| CASTING Summon Small Mammal
  2844 | D:2      | 2844 ||| CASTING Summon Small Mammal
  2845 | D:2      | 2845 ||| CASTING Summon Small Mammal
  2846 | D:2      | 2846 ||| CASTING Summon Small Mammal
  2878 | D:2      | 2878 ||| CASTING Summon Small Mammal
  2879 | D:2      | 2879 ||| CASTING Summon Small Mammal
  2880 | D:2      | 2880 ||| CASTING Summon Small Mammal
  2924 | D:2      | 2924 ||| CASTING Summon Small Mammal
  2925 | D:2      | 2925 ||| CASTING Summon Small Mammal
  2926 | D:2      | 2926 ||| CASTING Summon Small Mammal
  2928 | D:2      | 2928 ||| CASTING Summon Small Mammal
  3012 | D:2      | 3012 ||| CASTING Summon Small Mammal
  3013 | D:2      | 3013 ||| CASTING Summon Small Mammal
  3014 | D:2      | 3014 ||| CASTING Summon Small Mammal
  3015 | D:2      | 3015 ||| CASTING Summon Small Mammal
  3022 | D:2      | Reached XP level 4. HP: 33/36 MP: 0/5
  3074 | D:2      | 3074 ||| CASTING Summon Small Mammal
  3075 | D:2      | 3075 ||| CASTING Summon Small Mammal
  3076 | D:2      | 3076 ||| CASTING Summon Small Mammal
  3077 | D:2      | 3077 ||| CASTING Summon Small Mammal
  3078 | D:2      | 3078 ||| CASTING Summon Small Mammal
  3081 | D:2      | HP: 2/36 [gnoll/+0 halberd (9)]
  3082 | D:2      | Mangled by a gnoll

Levels and vault maps discovered:
D:1:      dreamdust_arrival_sigmund_warning, layout_basic, serial_shops,
          nicolae_square_shop
D:2:      layout_basic, grunt_ministairs_9

Skill      XL: |  1  2  3 |
---------------+----------+-----
Axes           | 1 2 |  2.5
Fighting       | 1 2 |  2.0
Dodging        | |  1.7
Stealth        | |  2.1
Spellcasting   | |  1.7
Summonings     | |  3.6

Action                   |  1- 3 |  4- 6 || total
-------------------------+-------+-------++-------
Melee: Unarmed           |     8 |       ||     8
       Club              |    11 |       ||    11
       Short sword       |    14 |       ||    14
       Whip              |    64 |     3 ||    67
Throw: Javelin           |     8 |       ||     8
 Cast: Summon Small Mamm |    85 |     2 ||    87
  Use: Scroll            |     2 |       ||     2
       Potion            |     1 |       ||     1
 Stab: Sleeping          |     1 |       ||     1
       Distracted        |     2 |       ||     2
Armor: Robe              |     5 |       ||     5
       Ring mail         |    40 |       ||    40
Dodge: Dodged            |    58 |       ||    58

Table legend:
 A = Non-vault XP
 B = Vault XP
 C = Vault XP percentage of total XP
 D = Non-vault monster count
 E = Vault monster count
 F = Vault count percentage of total count
                 A         B        C        D         E       F
            +---------+---------+-------+---------+---------+-------
      Total |      80 |       3 |   3.6 |      30 |       2 |   6.2
            +---------+---------+-------+---------+---------+-------
        D:1 |      39 |       0 |   0.0 |      19 |       0 |   0.0
        D:2 |      41 |       3 |   6.8 |      11 |       2 |  15.4
            +---------+---------+-------+---------+---------+-------
